 Dungeon Crawl Stone Soup version 0.27.1-34-g3ba077fa99 (webtiles) character file.

Game seed: 2232390051383392185

357 Ijustatesigmund the Cudgeller (level 6, -7/40 HPs)
             Began as a Gargoyle Fighter on Jan 31, 2022.
             Killed from afar by a hellion (28 damage)
             ... with damnation
             ... on level 2 of the Abyss.
             The game lasted 00:04:56 (3996 turns).

Ijustatesigmund the Cudgeller (Gargoyle Fighter)    Turns: 3996, Time: 00:04:57

Health: -7/40      AC: 14    Str: 21      XL:     6   Next: 64%
Magic:  6/6        EV:  5    Int:  9      God:
Gold:   55         SH:  8    Dex:  3 (9)  Spells: 5/5 levels left

rFire    . . .     SeeInvis .   a - +0 morningstar
rCold    . . .     Faith    .   c - +0 kite shield
rNeg     + . .     Spirit   .   b - +0 chain mail
rPois    ∞         Reflect  .   (no helmet)
rElec    +         Harm     .   j - +0 cloak
rCorr    .         Rampage  .   (no gloves)
Will     .....                  (no boots)
Stlth    ..........             (no amulet)
HPRegen  0.13/turn              (no ring)
MPRegen  0.10/turn              (no ring)

@: mighty
A: sickness immunity, AC +4, negative energy resistance 1, electricity
resistance, torment resistance 1, petrification resistance
a: no special abilities


You were on level 2 of the Abyss.
You visited 1 branch of the dungeon, and saw 4 of its levels.
You visited the Abyss 1 time.

You collected 74 gold pieces.
You spent 19 gold pieces at shops.

Inventory:

Hand Weapons
 a - a +0 morningstar (weapon)
Missiles
 g - 12 poisoned darts (quivered)
Armour
 b - a +0 chain mail (worn)
 c - a +0 kite shield (worn)
 j - a +0 cloak (worn)
Scrolls
 f - 3 scrolls of identify
Potions
 e - a potion of curing
 h - a potion of lignification
 i - a potion of invisibility


   Skills:
 + Level 5.2 Fighting
 * Level 5.7 Maces & Flails
 - Level 3.2 Armour
 - Level 3.2 Shields


You had 5 spell levels left.
You didn't know any spells.
Your spell library contained the following spells:

 Spells                   Type           Power      Damage    Failure   Level
 Beastly Appendage        Tmut           0%         N/A       100%        1
 Corona                   Hex            0%         N/A       100%        1
 Ensorcelled Hibernation  Hex/Ice        0%         N/A       100%        2
 Passwall                 Tmut/Erth      0%         N/A       100%        2
 Wereblood                Tmut           0%         N/A       100%        2
 Spider Form              Tmut/Pois      0%         N/A       100%        3
 Swiftness                Air            0%         N/A       100%        3
 Tukima's Dance           Hex            0%         N/A       100%        3
 Invisibility             Hex            0%         N/A       100%        6


Dungeon Overview and Level Annotations

Branches:
Dungeon (4/15)
 Temple: D:4-7

Altars:

Shops:
D:1 **

Annotations:
D:3 2 transporters


Innate Abilities, Weirdness & Mutations

You are immune to sickness and miasma.
Your stone body is resilient. (AC +4)
You are immune to poison.
You resist negative energy. (rN+)
You are resistant to electric shocks. (rElec)
You are resistant to unholy torment.
You are immune to petrification.


Message History

The quasit bites you but does no damage.
The quasit claws you but does no damage. x2
You closely miss the quasit.
The quasit is almost dead.
The quasit bites you but does no damage.
The quasit claws you. You block the quasit's attack.
The quasit bites you but does no damage.
The quasit claws you but does no damage.
The quasit barely misses you.
Your shield prevents you from hitting the quasit.
The quasit is almost dead.
The quasit bites you but does no damage.
The quasit claws you but does no damage.
You block the quasit's attack.
The quasit bites you but does no damage.
You block the quasit's attack.
The quasit claws you but does no damage.
You feel very mighty all of a sudden. You block the quasit's attack.
The quasit claws you but does no damage.
The quasit claws you.
You miss the quasit.
The quasit is almost dead.
You block the quasit's attack.
The quasit claws you but does no damage. x2
The quasit bites you but does no damage.
The quasit claws you but does no damage.
You block the quasit's attack.
You sock the quasit!
You kill the quasit!
A hellion comes into view.
The hellion gives a hideous shriek!
A thrashing horror comes into view.
The hellion hits you.
The thrashing horror moves out of view.
You thump the hellion!
The hellion is moderately wounded.
The hellion gestures at you.
The sphere of damnation explodes!
The damnation engulfs you!!
Ouch! That really hurt!
You die...

.. ).. ##. #.#
..## .# #.. ..
.#..###.###..##
#......2......#
. . ##@## #...#
. #.....# .
##.#.## ##.#. #
#. ### . #.# #
## #.# .# . # .
.


You could see a hellion.

Vanquished Creatures
  A phantom (D:2)
  A scorpion (D:3)
  A quasit (Abyss:2)
  2 orc priests (D:3)
  Crazy Yiuf (D:3)
  3 adders (D:3)
  A worm (D:2)
  5 dart slugs
  5 orcs (D:3)
  5 endoplasms
  A giant cockroach (D:3)
  4 goblins
  7 hobgoblins
  8 jackals (D:1)
  A quokka (D:3)
  13 ball pythons
  6 bats
  A frilled lizard (D:1)
  5 kobolds
  3 rats
74 creatures vanquished.

Notes
Turn   | Place    | Note
-------+----------+-------------------------------------------
     0 | D:1      | Ijustatesigmund the Gargoyle Fighter began the quest for
                  | the Orb.
     0 | D:1      | Reached XP level 1. HP: 14/14 MP: 1/1
    77 | D:1      | Reached XP level 2. HP: 4/19 MP: 2/2
   566 | D:1      | Reached XP level 3. HP: 24/24 MP: 3/3
   669 | D:1      | Found Apsurch's General Store.
  1148 | D:1      | Found Iguicirph's Assorted Antiques.
  1151 | D:1      | Bought a bubbling white potion for 19 gold pieces
  1410 | D:2      | Noticed a phantom
  1416 | D:2      | Killed a phantom
  1417 | D:2      | Reached XP level 4. HP: 20/29 MP: 4/4
  1660 | D:2      | Reached XP level 5. HP: 29/34 MP: 5/5
  2223 | D:2      | Found a faded altar of an unknown god.
  2647 | D:3      | Found a transporter.
  2662 | D:3      | Found a transporter.
  2677 | D:3      | Reached skill level 5 in Maces & Flails
  2780 | D:3      | Reached XP level 6. HP: 31/40 MP: 6/6
  3377 | D:3      | Found a runed translucent door.
  3378 | D:3      | Noticed Crazy Yiuf
  3726 | D:3      | Killed Crazy Yiuf
  3727 | D:3      | Reached skill level 5 in Fighting
  3938 | D:3      | Cast into level 2 of the Abyss (orc priest)
  3994 | Abyss:2  | Noticed a hellion
  3995 | Abyss:2  | Noticed a thrashing horror
  3996 | Abyss:2  | Killed from afar by a hellion

Illustrated notes

Levels and vault maps discovered:
D:1:      dpeg_arrival_houses_and_road, layout_loops_ring, serial_shops,
          nicolae_shop_window_shopping, nicolae_shop_behind_doors
D:2:      layout_loops_corners, shapermc_ecumenical_altar_pompeii
D:3:      gammafunk_steamed_eel, layout_loops_corners, uniq_crazy_yiuf_cottage
D:4:      layout_gridville, minmay_temple_entry_drinking_statues
Abyss:2:  base:
D:4

Skill      XL: |  1  2  3  4  5  6 |
---------------+-------------------+-----
Maces & Flails | 3 4 5 |  5.7
Fighting       | 4 5 |  5.2
Armour         | |  3.2
Shields        | |  3.2

Action                   |  1- 3 |  4- 6 || total
-------------------------+-------+-------++-------
Melee: Morningstar       |   102 |   187 ||   289
Throw: Dart              |       |     3 ||     3
  Use: Scroll            |     1 |     5 ||     6
       Potion            |       |     2 ||     2
Armor: Scale mail        |    59 |       ||    59
       Chain mail        |     4 |   241 ||   245
Dodge: Dodged            |    32 |    59 ||    91
Block: Kite shield       |    48 |   150 ||   198
